 Dungeon Crawl Stone Soup version 0.20-a0-1109-ge3cd172 (webtiles) character file.

1483 Infinimo the Summoner (level 8, -7/41 HPs)
             Began as a Deep Elf Wizard on May 5, 2017.
             Was a Believer of Vehumet.
             Mangled by an orc warrior
             ... wielding a +0 glaive
              (18 damage)
             ... on level 6 of the Dungeon.
             The game lasted 00:11:38 (6348 turns).

Infinimo the Summoner (Deep Elf Wizard)             Turns: 6348, Time: 00:11:39

Health: -7/41      AC:  7    Str:  4    XL:     8   Next: 50%
Magic:  6/18       EV: 12    Int: 26    God:    Vehumet [**....]
Gold:   446        SH:  5    Dex: 13    Spells: 7/18 levels left

rFire    + . .     SeeInvis .   e - +2 dagger (elec)
rCold    . . .     Gourm    +   z - +0 buckler
rNeg     . . .     Faith    .   w - +2 robe {rF+}
rPois    .         Spirit   .   t - +2 hat
rElec    .         Reflect  .   a - +0 cloak
rCorr    .         Harm     .   (no gloves)
MR       +....     Rnd*Tele +   (no boots)
Stlth    ++........             y - amulet of the gourmand
Regen    0.2/turn               u - ring of protection from magic
MPRegen  0.2/turn               v - ring of teleportation

@: no status effects
A: no striking features
a: Renounce Religion


You were on level 6 of the Dungeon.
You worshipped Vehumet.
Vehumet was pleased with you.
You were not hungry.

You visited 1 branch of the dungeon, and saw 6 of its levels.

You collected 446 gold pieces.

Inventory:

Hand Weapons
 e - a +2 dagger of electrocution (weapon)
 k - a +3 dagger of protection
Armour
 a - a +0 cloak (worn)
 t - a +2 hat (worn)
 w - a +2 robe of fire resistance (worn)
 z - a +0 buckler (worn)
Jewellery
 u - a ring of protection from magic (left hand)
 v - a ring of teleportation (right hand)
 y - an amulet of the gourmand (around neck)
Wands
 x - a wand of acid (3/15)
Scrolls
 r - a scroll of teleportation
 A - a scroll of enchant armour
 B - 5 scrolls of identify
 C - a scroll of remove curse
 G - 2 scrolls of fear
Potions
 h - a potion of heal wounds
 j - a potion of cancellation {unknown}
 l - a potion of ambrosia {unknown}
 m - a potion of lignification {unknown}
 n - a potion of haste {unknown}
 o - 2 potions of agility
 p - a potion of resistance
 q - 2 potions of might
 E - a potion of mutation {unknown}
 F - a potion of brilliance {unknown}
Books
 c - a book of Minor Magic

   Spells                             Type                      Level
   a - Magic Dart                     Conjuration                  1
   b - Blink                          Translocation                2
   c - Call Imp                       Summoning                    2
   d - Slow                           Hexes                        2
   e - Conjure Flame                  Conjuration/Fire             3
   f - Mephitic Cloud                 Conjuration/Poison/Air       3
Comestibles
 d - 3 bread rations
 f - 3 meat rations
 i - a fruit
 s - a royal jelly


   Skills:
 - Level 2.5 Dodging
 - Level 2.4 Stealth
 + Level 3.3 Shields
 - Level 5.5 Spellcasting
 - Level 4.2 Conjurations
 - Level 9.3 Summonings
 - Level 1.1 Translocations


You had 7 spell levels left.
You knew the following spells:

 Your Spells              Type           Power        Failure   Level  Hunger
a - Magic Dart            Conj           ####         1%          1    None
b - Mephitic Cloud        Conj/Pois/Air  ##......     13%         3    #......
c - Call Imp              Summ           ######..     1%          2    None
d - Blink                 Tloc           N/A          8%          2    None
e - Conjure Flame         Conj/Fire      ###.....     10%         3    #......


Dungeon Overview and Level Annotations

Branches:
Dungeon (6/15)             Temple (0/1) D:5

Altars:
Ashenzari
Cheibriados
Elyvilon
Fedhas
Gozag
Kikubaaqudgha
Makhleb
Okawaru
Ru
Sif Muna
Vehumet
Xom
Zin


Message History

Aim: an orc priest (almost dead)
The magic dart hits the orc priest.
You kill the orc priest!
Vehumet accepts your kill. You block the orc's attack.
Your crimson imp hits the orc but does no damage.
Your crimson imp hits the orc but does no damage.
The orc warrior hits your crimson imp with a glaive!!
Your crimson imp dies!
Casting: Magic Dart
Confirm with . or Enter, or press ? or * to list all spells.
A beastly little devil appears in a puff of flame.
Your crimson imp says, "You called?"
Your crimson imp blinks!
Casting: Call Imp
Confirm with . or Enter, or press ? or * to list all spells.
A beastly little devil appears in a puff of flame.
You swap places.
The orc warrior hits you from afar with a glaive!!
You die...

#.# #.#.'_##..#....##.#..#
#.# #...###...#..........#
#.####.....##.###...##.####
...........^..# #5..##.###
#.#####.#..##.###........#
#.>.............#o.....#.#
####.......##.###oo##..#.####
# ##.#..#.##.###...........#
# #...........@5########### #
#.##.#..#.##### # #.##.#....#
#####.##.###..########
...##.##.....oo....#.#
...##....##...o......#
...#####.##.o........# ...#
#.##..........# ...#
#.##..........#


You could see an orc warrior, 2 orcs and 2 friendly crimson imps.

Vanquished Creatures
  The ghost of cortexin the Covert, an amateur SpAs of Gozag (D:4)
  A water moccasin (D:6)
  2 ice beasts
  A phantom (D:4)
  2 bullfrogs (D:6)
  2 howler monkeys
  6 orc wizards
  4 orc priests
  A centaur skeleton (D:6)
  4 worker ants
  A worker ant zombie (D:6)
  7 adders
  2 shadow imps
  An ooze (D:5)
  3 worms
  A dart slug (D:3)
  4 leopard geckos
  23 orcs
  6 bats
  2 giant cockroaches
  5 hobgoblins
  11 jackals
  5 quokkas
  2 ball pythons
  4 frilled lizards
  10 goblins
  6 kobolds
  A leopard gecko skeleton (D:4)
  6 rats
124 creatures vanquished.

Vanquished Creatures (collateral kills)
  A black bear (D:6)
  A crimson imp (D:6)
  Terence (D:2)
3 creatures vanquished.

Grand Total: 127 creatures vanquished

Notes
Turn   | Place    | Note
-------+----------+-------------------------------------------
     0 | D:1      | Infinimo the Deep Elf Wizard began the quest for the Orb.
     0 | D:1      | Reached XP level 1. HP: 10/10 MP: 7/7
   256 | D:1      | Reached XP level 2. HP: 12/15 MP: 0/9
   876 | D:1      | Reached XP level 3. HP: 15/19 MP: 0/10
  1130 | D:1      | Learned a level 3 spell: Mephitic Cloud
  1133 | D:1      | Learned a level 2 spell: Call Imp
  1206 | D:2      | Found a radiant altar of Vehumet.
  1254 | D:2      | Became a worshipper of Vehumet
  1358 | D:2      | Found an ancient bone altar of Kikubaaqudgha.
  1378 | D:2      | Noticed Terence
  1400 | D:2      | Killed Terence
  1601 | D:2      | Reached XP level 4. HP: 24/24 MP: 6/12
  1608 | D:2      | Found a shimmering altar of Xom.
  2121 | D:2      | Learned a level 2 spell: Blink
  2125 | D:2      | Learned a level 3 spell: Conjure Flame
  2254 | D:3      | Reached skill level 5 in Spellcasting
  2400 | D:3      | Reached skill level 2 in Summonings
  2400 | D:3      | Reached XP level 5. HP: 17/28 MP: 3/15
  2430 | D:3      | Reached * piety under Vehumet
  2430 | D:3      | Offered knowledge of Shock by Vehumet.
  2815 | D:3      | Reached skill level 3 in Summonings
  2859 | D:3      | Found a deep blue altar of Sif Muna.
  2859 | D:3      | Found an opulent altar of Gozag.
  2860 | D:3      | Found a burning altar of Makhleb.
  3154 | D:4      | Found a sacrificial altar of Ru.
  3163 | D:4      | Reached skill level 4 in Summonings
  3446 | D:4      | Reached XP level 6. HP: 32/32 MP: 13/16
  3463 | D:4      | Noticed cortexin's ghost (amateur SpAs)
  3644 | D:4      | Killed cortexin's ghost
  3644 | D:4      | Reached skill level 5 in Summonings
  3764 | D:4      | Found a snail-covered altar of Cheibriados.
  3800 | D:4      | Reached skill level 6 in Summonings
  3808 | D:4      | Reached XP level 7. HP: 33/36 MP: 1/17
  3895 | D:4      | Reached ** piety under Vehumet
  3895 | D:4      | Reached skill level 7 in Summonings
  4034 | D:4      | Offered knowledge of Flame Tongue by Vehumet.
  4119 | D:5      | Entered Level 5 of the Dungeon
  4307 | D:5      | Reached skill level 8 in Summonings
  4407 | D:5      | Found a staircase to the Ecumenical Temple.
  4557 | D:5      | Found a glowing silver altar of Zin.
  4692 | D:5      | Found a blossoming altar of Fedhas.
  4853 | D:6      | Found a shattered altar of Ashenzari.
  5063 | D:6      | Reached XP level 8. HP: 2/41 MP: 8/18
  5232 | D:6      | Reached skill level 9 in Summonings
  5414 | D:6      | Found a white marble altar of Elyvilon.
  5557 | D:6      | Reached skill level 1 in Shields
  5631 | D:6      | Found an iron altar of Okawaru.
  5806 | D:6      | Offered knowledge of Static Discharge by Vehumet.
  6348 | D:6      | Mangled by an orc warrior

Vault maps used:
D:1:      dpeg_arrival_simpleton_c, minmay_misc_feat_columns
D:2:      overflow_temple_1_default, vehumet_crystals, marbit_many_paths,
          uniq_terence
D:3:      gammafunk_temple_overflow_forgotten, first_bread
D:4:      overflow_temple_1_default, nicolae_ru_great_annihilating_truth
D:5:      lemuel_round_altar, kennysheep_little_box,
          minmay_temple_entry_statues_pillars
D:6:      lemuel_coloured_pillars_altar, ashenzari_conservatory_becter,
          elyvilon_altar_1, kennysheep_mini, kennysheep_generic_room_3,
          uniq_eustachio

Skill      XL: |  1  2  3  4  5  6  7  8 |
---------------+-------------------------+-----
Conjurations   | 2 3 4 |  4.2
Spellcasting   | 5 |  5.5
Summonings     | 2 4 6 8 9 |  9.3
Shields        | 3 |  3.3
Dodging        | |  2.5
Stealth        | |  2.4
Translocations | |  1.1

Action                   |  1- 3 |  4- 6 |  7- 9 || total
-------------------------+-------+-------+-------++-------
Melee: Whip              |     7 |       |       ||     7
       Dagger            |     2 |    15 |     2 ||    19
 Cast: Magic Dart        |    85 |   149 |   199 ||   433
       Call Imp          |     1 |       |     7 ||     8
       Mephitic Cloud    |       |     2 |       ||     2
       Conjure Flame     |       |     1 |       ||     1
  Use: Scroll            |     1 |     7 |     6 ||    14
       Potion            |       |       |     1 ||     1
  Eat: Chunk             |     1 |     7 |     6 ||    14
       Bread ration      |       |       |     1 ||     1
Armor: Robe              |     3 |    11 |    18 ||    32
Dodge: Dodged            |    16 |    32 |    57 ||   105
Block: Buckler           |       |       |     3 ||     3
